 Dungeon Crawl Stone Soup version 0.30-b1-2-g02819fbbbe (webtiles) character file.

Game seed: 6431586466831847645

10149 sanka the Spry (level 11, -1/53 HPs)
             Began as a Spriggan Cinder Acolyte on May 20, 2023.
             Was a High Priest of Ignis.
             Slain by a cyclops (28 damage)
             ... on level 11 of the Dungeon.
             The game lasted 00:31:43 (17964 turns).

sanka the Spry (Spriggan Cinder Acolyte)           Turns: 17964, Time: 00:31:45

Health: -1/53      AC: 10    Str: 10    XL:     11   Next: 32%
Magic:  12/26      EV: 22    Int: 25    God:    Ignis [*****.]
Gold:   543        SH:  6    Dex: 12    Spells: 17/30 levels left

rFire   + . .        B - +0 whip (elec)
rCold   . . .        R - +2 buckler {AC+3}
rNeg    . . .        M - +0 acid dragon scales
rPois   .            (helmet restricted)
rElec   .            I - +0 cloak {rCorr}
rCorr   +            (gloves unavailable)
SInv    +            (boots unavailable)
Will    +....        (no amulet)
Stlth   +            G - ring of wizardry
HPRegen 0.28/turn    j - +6 ring of intelligence
MPRegen 0.20/turn

%: wizardry (x1)
@: very quick
A: very small, no large weapons, unfitting armour, see invisible, speed 3
a: Renounce Religion, Fiery Armour, Foxfire Swarm, Rising Flame


You were on level 11 of the Dungeon.
You worshipped Ignis.
Ignis was extremely pleased with you.
You visited 1 branch of the dungeon, and saw 11 of its levels.

You collected 543 gold pieces.

Inventory:

Hand Weapons
 a - a +1 dagger of venom
 b - a +0 lajatang
 B - a +0 whip of electrocution (weapon)
Missiles
 H - 7 throwing nets {=f}
Armour
 I - a +0 cloak of preservation (worn)
 M - +0 acid dragon scales (worn)
 P - a +0 robe
 R - a +2 buckler of protection (worn)
Jewellery
 j - a +6 ring of intelligence (right hand)
 p - a ring of magical power
 x - a ring of protection from cold
 y - a ring of positive energy
 G - a ring of wizardry (left hand)
 Q - a ring of fire
 T - a ring of willpower
Wands
 f - a wand of iceblast (13)
 h - a wand of polymorph (7)
 t - a wand of flame (23)
 O - a wand of light (2)
Scrolls
 c - a scroll of immolation {!r}
 d - 3 scrolls of enchant weapon
 e - 5 scrolls of teleportation {@r4}
 k - 4 scrolls of magic mapping
 o - 3 scrolls of fear
 u - 2 scrolls of fog
 A - 3 scrolls of vulnerability {!r}
 D - a scroll of butterflies {unknown}
 E - a scroll of torment {unknown}
 F - 2 scrolls of noise {!r}
 K - a scroll of poison {unknown}
 L - 2 scrolls of identify {@r1}
 S - a scroll of enchant armour {unknown}
Potions
 g - a potion of magic {unknown}
 i - 4 potions of curing {@q1}
 l - 13 potions of degeneration {!q}
 m - a potion of berserk rage {unknown}
 n - 2 potions of flight {unknown}
 q - 2 potions of cancellation {unknown}
 r - 5 potions of heal wounds {unknown}
 s - a potion of invisibility {unknown}
 v - 3 potions of brilliance {unknown}
 w - 3 potions of lignification {unknown}
 z - a potion of might {unknown}
 C - 5 potions of haste {@q3}
 J - 3 potions of attraction {unknown}
 N - a potion of resistance {unknown}
 U - a potion of ambrosia {unknown}


   Skills:
 - Level 4.0 Fighting
 - Level 3.3 Short Blades
 - Level 15.0 Dodging
 - Level 3.0 Shields
 - Level 10.0 Spellcasting
 - Level 4.5 Conjurations
 + Level 1.0 Hexes
 - Level 4.6 Fire Magic
 - Level 4.0 Earth Magic


You had 17 spell levels left.
You knew the following spells:

 Your Spells              Type           Power      Damage    Failure   Level
a - Scorch                Fire           70%        2d7       1%          2
b - Stone Arrow           Conj/Erth      66%        3d11      2%          3
c - Fulminant Prism       Conj/Hex       13%        3d9       16%         4
d - Flame Wave            Conj/Fire      35%        2d10      7%          4

Your spell library contained the following spells:

 Spells                   Type           Power      Damage    Failure   Level
 Magic Dart               Conj           100%       1d8       1%          1
 Sandblast                Erth           64%        2d14      1%          1
 Searing Ray              Conj           70%        2d7       1%          2
 Passwall                 Tmut/Erth      18%        N/A       3%          2
 Call Imp                 Summ           24%        N/A       7%          2
 Lesser Beckoning         Tloc           24%        N/A       7%          2
 Mephitic Cloud           Conj/Pois/Air  20%        N/A       8%          3
 Gell's Gravitas          Tloc           12%        N/A       14%         3
 Teleport Other           Tloc           12%        N/A       14%         3
 Summon Cactus Giant      Summ           6%         N/A       99%         6


Dungeon Overview and Level Annotations

Branches:
Dungeon (11/15)            Temple (0/1) D:4            Lair (0/5) D:9
    Orc (0/2) D:10

Altars:
Cheibriados
Dithmenos
Elyvilon
Hepliaklqana
Makhleb
Okawaru
Ru
Uskayaw
Wu Jian
Zin

Shops:
D:8 =


Innate Abilities, Weirdness & Mutations

You are very small and have problems with some larger weapons.
You are too small for most types of armour.
You have supernaturally acute eyesight. (SInv)
You cover ground extremely quickly. (Speed+++)


Message History

A cyclops comes into view.
The cyclops shouts!
An ice beast comes into view.
You now have 543 gold pieces (gained 17).
There is an open door here.
Unknown command.
Flames lash the ice beast.
The ice beast melts!
The ice beast is severely wounded.
The ice beast's fire resistance burns away.
There is an open door here.
Flames lash the ice beast.
The ice beast melts!
You kill the ice beast!
Your Hexes skill increases to level 1!
There is an open door here.
Flames lash the cyclops.
The cyclops is moderately wounded.
The cyclops's fire resistance burns away.
Flames lash the cyclops.
The cyclops is burned terribly!
The cyclops is moderately wounded.
Flames lash the cyclops.
The cyclops is burned terribly!
The cyclops is heavily wounded.
The cyclops throws a large rock.
The large rock hits you!!
Ouch! That really hurt!
You are too injured to fight recklessly!
You are too injured to fight recklessly!
You are too injured to fight recklessly!
Casting: Scorch (safe; 1% risk of failure)
Confirm with . or Enter, or press ? or * to list all spells.
Flames lash the cyclops but do no damage.
Casting: Scorch (safe; 1% risk of failure)
Confirm with . or Enter, or press ? or * to list all spells.
Flames lash the cyclops.
The cyclops is heavily wounded.
Casting: Scorch (safe; 1% risk of failure)
Confirm with . or Enter, or press ? or * to list all spells.
Flames lash the cyclops.
The cyclops is burned terribly!
The cyclops is almost dead.
The cyclops hits you!!
Ouch! That really hurt!
You die...

#..........#####
#.........~≈≈≈~.
#......##.~≈≈≈~.
#......# #~~≈~~.
#......# .~~~..
#......+ .≈≈~..
#......# #≈≈≈..
#..C...# #≈...
####@#### #....#
#.#### ##'#####
#......#
#......#
#..(...#
#......#
#......#


You could see a cyclops (combustible).

Vanquished Creatures
  A two-headed ogre (D:10)
  A gargoyle (D:10)
  A polar bear (D:11)
  A shadow (D:9)
  2 wyverns
  A wraith (D:9)
  19 yaks
  3 acid dragons
  2 wargs (D:8)
  4 vampire mosquitoes
  3 water moccasins
  A swamp drake (D:10)
  5 sky beasts
  A black bear (D:6)
  An ice beast (D:11)
  4 orc warriors
  3 centaurs
  3 ogres
  3 bullfrogs
  3 scorpions
  2 gnoll sergeants
  17 killer bees
  An electric eel (D:7)
  2 howler monkeys (D:9)
  2 hounds
  11 orc priests
  Crazy Yiuf (D:5)
  Terence (D:2)
  2 gnoll boudas
  6 iguanas
  Ijyb (D:3)
  10 orc wizards
  2 sleepcaps
  A mummy (D:8)
  16 gnolls
  8 adders
  2 worms (D:2)
  3 dart slugs
  54 orcs
  8 bats
  6 endoplasms
  4 giant cockroaches
  9 goblins
  3 hobgoblins
  10 jackals
  5 quokkas
  9 ball pythons
  3 frilled lizards (D:1)
  5 kobolds
  6 rats (D:1)
272 creatures vanquished.

Vanquished Creatures (others)
  An orc wizard (D:10)
  4 plants (D:3)
5 creatures vanquished.

Grand Total: 277 creatures vanquished

Notes
Turn   | Place    | Note
-------+----------+-------------------------------------------
     0 | D:1      | sanka the Spriggan Cinder Acolyte began the quest for the
                  | Orb.
     0 | D:1      | Reached XP level 1. HP: 11/11 MP: 3/3
   110 | D:1      | Reached XP level 2. HP: 9/16 MP: 6/6
   147 | D:1      | Learned a level 2 spell: Scorch
   488 | D:1      | Reached XP level 3. HP: 8/19 MP: 8/8
  1475 | D:2      | Noticed Terence
  1501 | D:2      | Killed Terence
  1502 | D:2      | Reached XP level 4. HP: 22/23 MP: 4/9
  1896 | D:2      | Found a faded altar of an unknown god.
  2147 | D:3      | Found a burning altar of Makhleb.
  2322 | D:3      | Noticed Ijyb
  2840 | D:3      | Reached XP level 5. HP: 27/27 MP: 11/11
  3362 | D:3      | Killed Ijyb
  3363 | D:3      | Reached skill level 5 in Spellcasting
  3490 | D:4      | Reached skill level 2 in Dodging
  3978 | D:4      | Reached skill level 3 in Dodging
  3978 | D:4      | Reached XP level 6. HP: 32/32 MP: 14/14
  4181 | D:4      | Reached skill level 4 in Dodging
  4261 | D:4      | Found a staircase to the Ecumenical Temple.
  4315 | D:4      | Reached skill level 5 in Dodging
  4551 | D:4      | Found a hide-covered altar of Uskayaw.
  4608 | D:5      | Entered Level 5 of the Dungeon
  4885 | D:5      | Found a runed translucent door.
  4886 | D:5      | Noticed Crazy Yiuf
  4929 | D:5      | Reached skill level 6 in Dodging
  4929 | D:5      | Reached XP level 7. HP: 35/35 MP: 15/15
  5015 | D:5      | Reached skill level 7 in Dodging
  5262 | D:5      | Found a white marble altar of Elyvilon.
  5486 | D:5      | Killed Crazy Yiuf
  5735 | D:6      | Found a hazy altar of Hepliaklqana.
  5886 | D:6      | Reached skill level 8 in Dodging
  6219 | D:6      | Reached skill level 9 in Dodging
  6334 | D:6      | Reached XP level 8. HP: 39/39 MP: 16/16
  6552 | D:6      | Reached skill level 10 in Dodging
  6966 | D:6      | Found an iron altar of Okawaru.
  7088 | D:7      | Reached skill level 11 in Dodging
  7513 | D:7      | Reached skill level 12 in Dodging
  7594 | D:7      | Reached XP level 9. HP: 45/45 MP: 17/17
  7618 | D:7      | Identified the +3 leather armour of Divine Intervention
                  | {rF+++ Regen+ rCorr Int-3}
  8027 | D:7      | Noticed an angel
  8028 | D:7      | Found a glowing silver altar of Zin.
  8306 | D:7      | Reached skill level 13 in Dodging
  9005 | D:8      | Reached skill level 14 in Dodging
  9293 | D:8      | Found a snail-covered altar of Cheibriados.
  9366 | D:8      | Found Roppusa's One-of-a-Kind Rings.
  9530 | D:8      | Found a shadowy altar of Dithmenos.
  9657 | D:7      | Reached skill level 15 in Dodging
  9771 | D:7      | Learned a level 3 spell: Stone Arrow
  9776 | D:7      | Learned a level 4 spell: Fulminant Prism
  9913 | D:8      | Reached skill level 1 in Earth Magic
  9917 | D:8      | Reached skill level 1 in Conjurations
 10470 | D:8      | Found Roppusa's One-of-a-Kind Rings.
 10483 | D:8      | Found a shadowy altar of Dithmenos.
 11029 | D:8      | Found a snail-covered altar of Cheibriados.
 11362 | D:8      | Found Roppusa's One-of-a-Kind Rings.
 11751 | D:8      | Found a snail-covered altar of Cheibriados.
 11889 | D:8      | Found a shadowy altar of Dithmenos.
 12078 | D:9      | Reached XP level 10. HP: 48/49 MP: 4/18
 12345 | D:9      | Found a staircase to the Lair.
 13232 | D:9      | Learned a level 4 spell: Flame Wave
 14090 | D:9      | Found a sacrificial altar of Ru.
 14178 | D:9      | Reached skill level 1 in Shields
 14635 | D:9      | Found a staircase to the Lair.
 14714 | D:9      | Found a sacrificial altar of Ru.
 14917 | D:10     | Entered Level 10 of the Dungeon
 15053 | D:10     | Found an ornate altar of the Wu Jian Council.
 15056 | D:10     | Noticed a two-headed ogre
 15089 | D:10     | Killed a two-headed ogre
 15160 | D:10     | Reached XP level 11. HP: 46/53 MP: 5/25
 15512 | D:9      | HP: 2/53 [vampire mosquito (8)]
 15942 | D:9      | Found a sacrificial altar of Ru.
 16021 | D:9      | Found a staircase to the Lair.
 16425 | D:10     | Reached skill level 10 in Spellcasting
 16811 | D:10     | Found a staircase to the Orcish Mines.
 17518 | D:10     | Found an ornate altar of the Wu Jian Council.
 17662 | D:10     | Found a staircase to the Orcish Mines.
 17958 | D:11     | Reached skill level 1 in Hexes
 17964 | D:11     | Slain by a cyclops

Illustrated notes

Levels and vault maps discovered:
D:1:      onia_arrival_handbag, layout_basic
D:2:      layout_basic, shapermc_ecumenical_altar_starsandcircs, uniq_terence
D:3:      layout_loops_ring, bloody_makhleb, serial_forest,
          infiniplex_forest_zigzag_2, infiniplex_forest_lined_room_3,
          infiniplex_forest_straight_2, infiniplex_forest_straight_3,
          infiniplex_forest_clump_double, minmay_misc_feat_five, uniq_ijyb
D:4:      layout_loops_ring, nicolae_uskayaw_suspiria,
          minmay_temple_entry_purple_smoke
D:5:      layout_basic, lemuel_crystal_altar, uniq_crazy_yiuf_cottage
D:6:      layout_loops_ring, okawaru_metal_pillars_1_2,
          mainiacjoe_overflow_small_starburst, kennysheep_nub
D:7:      layout_loops_ring, zin_angel, minmay_crystal_water,
          kennysheep_minor_cross
D:8:      layout_basic, old_standard_altar, chei_slow_surprise,
          nicolae_shop_unique_rings, eino_jars
D:9:      layout_roguey, mainiacjoe_overflow_alcove_1, erik_lair_orcish_takeover
D:10:     layout_rooms, mainiacjoe_overflow_concentric_impassable, erik_orc_1
D:11:     layout_roguey, biasface_ghost_orc_armoury, serial_shops,
          nicolae_shop_pleasant_corner_grove, shop, shop, serial_ice,
          serial_ice_l, serial_ice_e, serial_ice_h, serial_ice_c,
          portal_ice_cave_entry_imps

Skill      XL: |  1  2  3  4  5  6  7  8  9 10 11 |
---------------+----------------------------------+-----
Spellcasting   | 2 3 5 9 10 | 10.0
Fire Magic     | 3 4 |  4.6
Dodging        | 3 6 9 12 15 | 15.0
Fighting       | 4 |  4.0
Earth Magic    | 2 4 |  4.0
Conjurations   | 2 4 |  4.5
Shields        | 2 3 |  3.0
Hexes          | 1 |  1.0
Short Blades   | |  3.3

Action                     |  1- 3 |  4- 6 |  7- 9 | 10-12 || total
---------------------------+-------+-------+-------+-------++-------
  Melee: Short sword       |   115 |    14 |       |       ||   129
         Unarmed           |    10 |       |       |       ||    10
         Club              |       |     4 |       |       ||     4
         Punch             |       |     1 |       |       ||     1
         Lajatang          |       |       |    78 |     2 ||    80
         Dagger            |       |       |       |   109 ||   109
         Whip              |       |       |       |    18 ||    18
   Cast: Scorch            |    26 |    97 |   220 |   201 ||   544
         Flame Wave        |       |       |       |     9 ||     9
    Use: Scroll            |       |       |     8 |     1 ||     9
         Potion            |       |       |       |     1 ||     1
   Stab: Sleeping          |     2 |       |       |       ||     2
 Armour: Robe              |    17 |     4 |    10 |       ||    31
         Acid dragon scale |       |       |     6 |    36 ||    42
  Dodge: Dodged            |    91 |    39 |   226 |   276 ||   632
  Block: Buckler           |       |       |       |    42 ||    42
